 Dungeon Crawl Stone Soup version 0.23.0-3-gf3c87f2 (console) character file.

Game seed: 1560825795079527918

135 Catiua the Cutter (level 5, -3/34 HPs)
             Began as a Halfling Warper on Feb 22, 2019.
             Killed by divine providence
             ... invoked by an orc priest
              (14 damage)
             ... on level 3 of the Dungeon.
             The game lasted 00:08:14 (2594 turns).

Catiua the Cutter (Halfling Warper)                 Turns: 2594, Time: 00:08:15

Health: -3/34      AC:  3    Str: 13    XL:     5   Next: 41%
Magic:  7/7        EV: 14    Int: 11    God:
Gold:   138        SH:  0    Dex: 14    Spells: 3/7 levels left

rFire    . . .     SeeInvis .   a - +2 dagger (vamp)
rCold    . . .     Gourm    .   (shield restricted)
rNeg     . . .     Faith    .   b - +0 leather armour
rPois    .         Spirit   .   (no helmet)
rElec    .         Reflect  .   (no cloak)
rCorr    .         Harm     .   (no gloves)
MR       .....                  (no boots)
Stlth    +.........             (no amulet)
HPRegen  0.11/turn              (no ring)
MPRegen  0.10/turn              (no ring)

@: no status effects
A: small, mutation resistance 1
a: no special abilities


You were on level 3 of the Dungeon.
You were not hungry.

You visited 1 branch of the dungeon, and saw 3 of its levels.

You collected 138 gold pieces.

Inventory:

Hand Weapons
 a - a +2 vampiric dagger (weapon)
 p - a +0 short sword
 q - a +0 hunting sling
 w - a +3 dagger
Missiles
 e - 5 tomahawks of dispersal (quivered)
 n - 52 stones
Armour
 b - a +0 leather armour (worn)
 o - a +0 ring mail
 s - a +0 pair of boots
 u - a +0 cloak
Jewellery
 k - a cursed -3 ring of dexterity {unknown}
 m - a cursed ring of attention {unknown}
Scrolls
 c - 2 scrolls of fog {unknown}
 d - 2 scrolls of blinking
 h - a scroll of noise {unknown}
 l - 3 scrolls of identify {unknown}
 r - a scroll of random uselessness {unknown}
Potions
 g - a potion of curing {unknown}
 i - a potion of flight {unknown}
 j - a potion of brilliance {unknown}
 t - a potion of heal wounds {unknown}
Comestibles
 f - 2 rations
 v - 4 chunks of flesh


   Skills:
 - Level 1.7 Fighting
 + Level 6.2 Short Blades
 + Level 1.0(1.4) Slings
 - Level 1.0(1.1) Throwing
 - Level 1.1 Armour
 - Level 2.1 Dodging
 - Level 1.5 Spellcasting
 - Level 3.2 Translocations


You had 3 spell levels left.
You knew the following spells:

 Your Spells              Type           Power        Failure   Level  Hunger
a - Blink                 Tloc           N/A          16%         2    ###....
b - Shroud of Golubria    Chrm/Tloc      #.........   30%         2    ###....

Your spell library contained the following spells:

 Spells                   Type           Power        Failure   Level  Hunger
 Gell's Gravitas          Tloc           #.........   30%         3    ####...
 Lesser Beckoning         Tloc           #.........   30%         3    ####...
 Teleport Other           Tloc           #.......     30%         3    ####...
 Passage of Golubria      Tloc           N/A          69%         4    #####..


Dungeon Overview and Level Annotations

Branches:
Dungeon (3/15)

Altars:
Dithmenos
Vehumet


Innate Abilities, Weirdness & Mutations

You are small and have problems with some larger weapons.
You are somewhat resistant to further mutation.


Message History

The orc barely misses you.
You hit the orc.
You kill the orc!
Your Slings skill increases to level 1!
The orc priest invokes the aid of Beogh against you.
Pain shoots through your body! The orc barely misses you.
There is an open door here.
Things that are here:
a +0 club; an orc corpse You closely miss the orc priest.
The orc priest mumbles some strange prayers to Beogh against you.
Beogh smites you! The orc closely misses you.
You closely miss the orc priest.
The orc priest invokes the aid of Beogh against you.
Pain shoots through your body! The orc closely misses you.
You hit the orc priest.
The orc priest is moderately wounded.
The orc priest calls down the wrath of Beogh upon you.
Beogh smites you!
You die...

......# ......#
...##......... ......#
...#......... ......#
..#......... #######
.!......... #..........
#.......... ########
#..oo...... .......#
#.#@#########
.......#######...........#
.................#######.#
.................# #.#
....#...........†# #.#
....#............# #.#
....#...........># #.#
....#..........).# #.#
....#............#######.#


You could see an orc priest and an orc.

Vanquished Creatures
  Terence (D:2)
  4 adders
  2 oozes
  A worm (D:2)
  A leopard gecko (D:2)
  3 orcs (D:3)
  3 giant cockroaches
  7 goblins
  9 hobgoblins
  3 jackals (D:3)
  2 quokkas (D:2)
  8 bats
  2 frilled lizards
  6 kobolds
  5 rats
57 creatures vanquished.

Vanquished Creatures (others)
  A ghoul (D:1)
  A draconian (D:1)
  An octopode (D:1)
  2 gargoyles (D:1)
  A vine stalker (D:1)
  An elf (D:1)
  A spriggan (D:1)
  2 nagas (D:1)
  A mummy (D:1)
  An orc (D:1)
  4 tentacles (D:1)
16 creatures vanquished.

Grand Total: 73 creatures vanquished

Notes
Turn   | Place    | Note
-------+----------+-------------------------------------------
     0 | D:1      | Catiua the Halfling Warper began the quest for the Orb.
     0 | D:1      | Reached XP level 1. HP: 14/14 MP: 3/3
     0 | D:1      | Noticed a gargoyle
     0 | D:1      | Noticed an elf
     0 | D:1      | Noticed a ghoul
     0 | D:1      | Noticed a naga
     0 | D:1      | Noticed a gargoyle
     0 | D:1      | Noticed a kraken
     0 | D:1      | Noticed a draconian
     0 | D:1      | Noticed a spriggan
     0 | D:1      | Noticed a vine stalker
     0 | D:1      | Noticed a naga
     0 | D:1      | Noticed an octopode
     5 | D:1      | Killed a gargoyle
     6 | D:1      | Killed a gargoyle
     6 | D:1      | Killed a naga
     6 | D:1      | Killed a naga
     9 | D:1      | Killed a vine stalker
     9 | D:1      | Killed a spriggan
    10 | D:1      | Killed an octopode
    12 | D:1      | Killed an elf
    12 | D:1      | Killed a ghoul
    13 | D:1      | Killed a draconian
   191 | D:1      | Reached skill level 3 in Short Blades
   211 | D:1      | Reached XP level 2. HP: 19/19 MP: 4/4
   715 | D:1      | Reached skill level 4 in Short Blades
   715 | D:1      | Reached XP level 3. HP: 4/24 MP: 5/5
  1000 | D:1      | You fall through a shaft!
  1013 | D:2      | Found a radiant altar of Vehumet.
  1354 | D:2      | HP: 1/24 [hobgoblin/+0 club (5)]
  1365 | D:2      | Reached XP level 4. HP: 25/29 MP: 6/6
  1374 | D:2      | Reached skill level 5 in Short Blades
  1899 | D:2      | Noticed Terence
  1932 | D:2      | Killed Terence
  1932 | D:2      | Reached skill level 6 in Short Blades
  1932 | D:2      | Reached XP level 5. HP: 11/34 MP: 7/7
  2145 | D:2      | Learned a level 2 spell: Blink
  2148 | D:2      | Learned a level 2 spell: Shroud of Golubria
  2390 | D:3      | Found a shadowy altar of Dithmenos.
  2590 | D:3      | Reached skill level 1 in Slings
  2594 | D:3      | Killed from afar by an orc priest

Skill      XL: |  1  2  3  4  5 |
---------------+----------------+-----
Short Blades   | 3 4 6 |  6.2
Slings         | 1 |  1.0
Fighting       | |  1.7
Throwing       | |  1.0
Armour         | |  1.1
Dodging        | |  2.1
Spellcasting   | |  1.5
Translocations | |  3.2

Action                   |  1- 3 |  4- 6 || total
-------------------------+-------+-------++-------
Melee: Short sword       |    89 |       ||    89
       Dagger            |    14 |   142 ||   156
  Use: Potion            |     5 |       ||     5
  Eat: Ration            |     2 |       ||     2
       Chunk             |     1 |     2 ||     3
Armor: Leather armour    |    20 |    28 ||    48
Dodge: Dodged            |    85 |    84 ||   169
